 Dungeon Crawl Stone Soup version 0.19.0-19-g8c6edcc (webtiles) character file.

11461 Chiseanne the Thrower (level 11, -1/60 HPs)
             Began as a Vine Stalker Arcane Marksman on Nov 14, 2016.
             Was a Believer of Qazlal.
             Blown up by a great orb of eyes (24 damage)
             ... with a disintegration bolt
             ... on level 11 of the Dungeon.
             The game lasted 00:37:14 (9639 turns).

Chiseanne the Thrower (VSAM)                        Turns: 9639, Time: 00:37:15

Health: -1/60      AC:  9    Str: 14    XL:     11   Next: 78%
Magic:  0/17       EV: 18    Int: 17    God:    Qazlal [**....]
Gold:   148        SH:  3    Dex: 17    Spells: 2 memorised, 9 levels left

rFire  . . .     SeeInvis .     a - +12 rapier "Uvilages" {drain, MR+ Int+4}
rCold  + . .     Gourm    .     g - +2 leather armour {rPois}
rNeg   . . .     Faith    .     (no shield)
rPois  +         Spirit   +     D - +0 helmet
rElec  .         Reflect  .     h - +2 cloak {+Inv}
rCorr  +         Harm     .     (no gloves)
MR     ++...                    (no boots)
Stlth  +.........               (no amulet)
                                z - ring of protection from cold
                                K - ring of resist corrosion

@: no status effects
A: fangs 3, regeneration 1, magic shield, antimagic bite, no device heal 3, rot
immunity
a: Upheaval, Renounce Religion, Evoke Invisibility


You were on level 11 of the Dungeon.
You worshipped Qazlal.
Qazlal was pleased with you.
You were not hungry.

You visited 1 branch of the dungeon, and saw 11 of its levels.
You also visited: Labyrinth.

You collected 670 gold pieces.
You spent 522 gold pieces at shops.

Inventory:

Hand Weapons
 a - the +12 rapier "Uvilages" (weapon) {drain, MR+ Int+4}
   (You found it on level 5 of the Dungeon)

   A truly terrible weapon, it drains the life of those it strikes.
   It affects your intelligence (+4).
   It affects your resistance to hostile enchantments.
 s - a +3 dagger of protection
 E - a +0 broad axe
 I - the +8 shortbow of Calamity {flame, rC+ Dex+7 Stlth+, unknown}
   (You found it in a labyrinth)

   It causes projectiles fired from it to burn those they strike, causing extra
   injury to most foes and up to half again as much damage against particularly
   susceptible opponents.
   It affects your dexterity (+7).
   It protects you from cold.
   It makes you more stealthy.
 M - a +2 flail of holy wrath
Missiles
 k - 257 arrows
 m - 98 bolts
 q - 20 poisoned needles
 y - 80 sling bullets
 R - 2 javelins (quivered)
Armour
 g - a +2 leather armour of poison resistance (worn)
 h - a +2 cloak of invisibility (worn)
 D - a +0 helmet (worn)
 J - a +4 plate armour of cold resistance
Rods
 Y - a +3 rod of shadows (11/11)
   (You found it in a labyrinth)
Jewellery
 p - an uncursed ring of see invisible {unknown}
 v - an uncursed ring of wizardry
 z - a ring of protection from cold (right hand)
 K - a ring of resist corrosion (left hand)
 N - a cursed ring of loudness {unknown}
 X - a cursed ring of loudness {unknown}
Wands
 c - a wand of iceblast (8/15)
 e - a wand of polymorph (0/24)
 x - a wand of digging (11/24)
 H - a wand of lightning (6/15)
 Z - a wand of iceblast (6/15)
Scrolls
 C - 3 scrolls of teleportation
 F - a scroll of enchant weapon
 O - a scroll of blinking
 P - 2 scrolls of immolation
 Q - a scroll of holy word
 T - 2 scrolls of amnesia
 W - a scroll of fear
Potions
 j - a potion of cure mutation {unknown}
 n - 4 potions of haste
 o - 4 potions of curing
 r - a potion of agility
 t - 2 potions of flight
 u - a potion of resistance {unknown}
 A - a potion of brilliance
 B - a potion of berserk rage {unknown}
Books
 b - a book of Debilitation

   Spells                             Type                      Level
   a - Corona                         Hexes                        1
   b - Slow                           Hexes                        2
   c - Gell's Gravitas                Hexes/Translocation          3
   d - Inner Flame                    Hexes/Fire                   3
   e - Cause Fear                     Hexes                        4
   f - Leda's Liquefaction            Hexes/Earth                  4
 L - a book of Conjurations

   Spells                             Type                      Level
   a - Magic Dart                     Conjuration                  1
   b - Searing Ray                    Conjuration                  2
   c - Dazzling Spray                 Conjuration/Hexes            3
   d - Fulminant Prism                Conjuration/Hexes            4
   e - Iskenderun's Mystic Blast      Conjuration                  4
   f - Iskenderun's Battlesphere      Conjuration/Charms           5
 U - the Volume of the Unstable Volcanoes
   (You found it in a labyrinth)

   Spells                             Type                      Level
   a - Blink                          Translocation                2
   b - Conjure Flame                  Conjuration/Fire             3
   c - Gell's Gravitas                Hexes/Translocation          3
   d - Bolt of Magma                  Conjuration/Fire/Earth       5
   e - Malign Gateway                 Summoning/Translocation      7
 V - a book of Air

   Spells                             Type                      Level
   a - Shock                          Conjuration/Air              1
   b - Swiftness                      Charms/Air                   2
   c - Repel Missiles                 Charms/Air                   2
   d - Static Discharge               Conjuration/Air              3
   e - Lightning Bolt                 Conjuration/Air              5
Comestibles
 d - 9 slices of pizza
 f - 9 bread rations
 l - 6 meat rations
 w - 7 beef jerkies
 G - 4 fruits


   Skills:
 * Level 8.9 Fighting
 * Level 9.1 Throwing
 * Level 8.6 Dodging
 - Level 1.1 Spellcasting
 - Level 3.0 Hexes
 * Level 7.2 Invocations


You had 9 spell levels left.
You knew the following spells:

 Your Spells              Type           Power        Failure   Level  Hunger
a - Corona                Hex            ##.....      10%         1    ##.....
b - Slow                  Hex            ##......     14%         2    ###....


Dungeon Overview and Level Annotations

Branches:
Dungeon (11/15)            Temple (0/1) D:7            Lair (0/6) D:8
    Orc (0/2) D:10

Altars:
Ashenzari
Qazlal
Ru
Zin

Shops:
D:5 %   D:8 %%   D:10 ?

Annotations:
D:6 Nicoed's ghost, novice OgFi
D:7 exclusion: 8 doors


Innate Abilities, Weirdness & Mutations

You have razor-sharp teeth.
Your natural rate of healing is unusually fast.
When hurt, damage is shared between your health and your magic reserves.
Your bite disrupts and absorbs the magic of your enemies.
Potions and wands cannot restore your health.
You are immune to rotting.


Message History

k - 257 arrows (gained 1)
The great orb of eyes gazes at you. You resist with almost no effort.
You see here a javelin.
R - 2 javelins (gained 1)
The great orb of eyes gazes at you.
You easily resist.
A jelly comes into view.
The great orb of eyes gazes at you.
You are confused.
You see here 9 gold pieces.
You now have 148 gold pieces (gained 9).
The great orb of eyes gazes at you. You resist with almost no effort.
Your system rejects the healing.
You feel better.
You hit the great orb of eyes. You drain the great orb of eyes!
The great orb of eyes is lightly wounded.
The great orb of eyes gazes at you.
You are blasted!
You die...

#>................,,*
#.................,,*
#..................,*
#...................,
#....................
#...J................
#...§................
#...§§...............
#...@G...............
#........(...........
#...........(........
#............(§§.....
##............§§.....
####................
##[..............
******#............(".
*,,,,...............(.


You could see a great orb of eyes and a jelly.

Vanquished Creatures
  A hydra (D:10)
  A centaur warrior (D:11)
  An unseen horror (D:7)
  4 hill giants
  Pikel (D:8)
  A gargoyle (D:11)
  Grinder (D:3)
  2 hippogriffs (D:8)
  A shadow (Lab)
  2 wyverns (D:11)
  3 hogs (D:10)
  2 hungry ghosts (Lab)
  An eye of draining (D:10)
  A hornet zombie (D:7)
  4 ice beasts
  A slave (D:8)
  6 orc warriors
  2 sky beasts
  2 centaurs
  A phantom (D:5)
  5 ogres
  2 big kobolds
  4 bullfrogs
  A wyvern skeleton (D:10)
  2 scorpions
  7 killer bees
  3 electric eels (D:10)
  3 wights (D:9)
  3 crimson imps
  2 centaur zombies
  4 hounds
  7 orc priests
  A centaur skeleton (D:10)
  6 jellies
  7 orc wizards
  6 iguanas
  A worker ant (D:6)
  A killer bee zombie (D:7)
  2 hound skeletons (D:4)
  A howler monkey zombie (D:7)
  A worker ant zombie (D:7)
  13 adders
  3 shadow imps
  2 oozes
  2 adder skeletons
  An adder zombie (D:9)
  2 dart slugs
  5 leopard geckos
  32 orcs
  3 giant cockroaches
  6 goblins
  10 hobgoblins
  23 jackals
  20 kobolds
  6 quokkas
  A ball python (D:1)
  5 bats
  10 frilled lizards
  A quokka skeleton (D:4)
  5 rats
257 creatures vanquished.

Vanquished Creatures (collateral kills)
  A minotaur (Lab)
  2 redbacks (Lab)
  A human (D:10)
  A wraith (D:9)
  A hog (D:10)
6 creatures vanquished.

Vanquished Creatures (others)
  A water moccasin (D:8)
  4 bushes (D:8)
5 creatures vanquished.

Grand Total: 268 creatures vanquished

Notes
Turn   | Place    | Note
-------+----------+-------------------------------------------
     0 | D:1      | Chiseanne the Vine Stalker Arcane Marksman began the quest for the Orb.
     0 | D:1      | Reached XP level 1. HP: 9/9 MP: 3/3
    26 | D:1      | Reached skill level 1 in Fighting
   287 | D:1      | Reached skill level 2 in Throwing
   287 | D:1      | Reached XP level 2. HP: 11/14 MP: 4/4
   904 | D:1      | Reached XP level 3. HP: 16/18 MP: 3/5
  1561 | D:2      | Gained mutation: Your natural rate of healing is unusually fast. [Vine Stalker growth]
  1561 | D:2      | Reached XP level 4. HP: 16/23 MP: 4/6
  1650 | D:2      | Found a shattered altar of Ashenzari.
  2440 | D:3      | Noticed Grinder
  2472 | D:3      | Killed Grinder
  2472 | D:3      | Reached skill level 3 in Throwing
  2472 | D:3      | Reached XP level 5. HP: 12/28 MP: 0/7
  2472 | D:3      | Reached XP level 6. HP: 14/32 MP: 0/8
  3171 | D:3      | Learned a level 2 spell: Slow
  3657 | D:4      | Reached XP level 7. HP: 37/37 MP: 9/9
  4035 | D:5      | Entered Level 5 of the Dungeon
  4070 | D:5      | Found Bommorog's Food Shoppe.
  4074 | D:5      | Got a slimy rapier
  4075 | D:5      | Identified the +12 rapier "Uvilages" {drain, MR+ Int+4} (You found it on level 5 of the Dungeon)
  4104 | D:5      | Reached skill level 4 in Throwing
  5014 | D:6      | Noticed Nicoed's ghost (novice OgFi)
  5266 | D:7      | Found a staircase to the Ecumenical Temple.
  5450 | D:7      | Gained mutation: You have razor-sharp teeth. [Vine Stalker growth]
  5450 | D:7      | Reached XP level 8. HP: 42/42 MP: 10/10
  5482 | D:7      | Found a stormy altar of Qazlal.
  5484 | D:7      | Noticed an air elemental
  5485 | D:7      | Noticed a water elemental
  5504 | D:7      | Became a worshipper of Qazlal Stormbringer
  5522 | D:7      | Found a sacrificial altar of Ru.
  5628 | D:7      | Killed an unseen horror
  5628 | D:7      | Reached skill level 5 in Fighting
  5628 | D:7      | Reached skill level 5 in Throwing
  5628 | D:7      | Reached skill level 5 in Dodging
  5946 | D:7      | Reached XP level 9. HP: 38/47 MP: 12/12
  6467 | D:8      | Reached skill level 6 in Throwing
  6476 | D:8      | Reached * piety under Qazlal
  6621 | D:8      | Found Eliwiny's Food Shoppe.
  6681 | D:8      | Noticed Pikel
  6688 | D:8      | Killed Pikel
  6861 | D:8      | Reached XP level 10. HP: 29/55 MP: 7/14
  6862 | D:8      | Found Meihaelad's Food Shop.
  6912 | D:8      | Found a glowing silver altar of Zin.
  6987 | D:8      | Found a staircase to the Lair.
  7008 | D:8      | Reached skill level 7 in Throwing
  7362 | D:9      | Reached ** piety under Qazlal
  7533 | D:8      | Noticed a harpy
  8081 | D:10     | Entered Level 10 of the Dungeon
  8081 | D:10     | Noticed a hill giant
  8083 | D:10     | Reached *** piety under Qazlal
  8090 | D:10     | Killed a hill giant
  8118 | D:10     | Found Oxeelewile's Magic Scroll Shoppe.
  8124 | D:10     | Bought a scroll of remove curse for 36 gold pieces
  8127 | D:10     | Bought a scroll of teleportation for 36 gold pieces
  8127 | D:10     | Bought a scroll of identify for 24 gold pieces
  8127 | D:10     | Bought a scroll of blinking for 90 gold pieces
  8127 | D:10     | Bought a scroll of immolation for 42 gold pieces
  8127 | D:10     | Bought a scroll of holy word for 90 gold pieces
  8127 | D:10     | Bought a scroll of recharging for 114 gold pieces
  8127 | D:10     | Bought a scroll of fog for 24 gold pieces
  8127 | D:10     | Bought a scroll of immolation for 42 gold pieces
  8127 | D:10     | Bought a scroll of identify for 24 gold pieces
  8240 | D:10     | Reached skill level 5 in Invocations
  8461 | D:10     | Reached skill level 8 in Throwing
  8831 | D:10     | Reached XP level 11. HP: 53/60 MP: 13/16
  8947 | D:10     | Found a staircase to the Orcish Mines.
  9037 | D:11     | Noticed a four-headed hydra
  9042 | D:11     | Noticed a hill giant
  9047 | D:10     | Killed a four-headed hydra
  9062 | D:10     | Killed a hill giant
  9132 | D:11     | Noticed a hill giant
  9154 | D:11     | Killed a hill giant
  9174 | D:11     | Found a labyrinth entrance.
  9186 | D:11     | Noticed a hill giant
  9191 | Lab      | Entered a labyrinth
  9337 | Lab      | Got a slimy shortbow
  9441 | Lab      | Noticed a minotaur
  9456 | Lab      | HP: 2/60 [redback (10)]
  9463 | Lab      | Killed a minotaur
  9480 | Lab      | Identified the Volume of the Unstable Volcanoes
  9594 | D:11     | Killed a hill giant
  9594 | D:11     | Reached skill level 9 in Throwing
  9608 | D:11     | Noticed a centaur warrior
  9621 | D:11     | Noticed a great orb of eyes
  9621 | D:11     | Killed a centaur warrior
  9639 | D:11     | Blown up by a great orb of eyes

Skill      XL: |  1  2  3  4  5  6  7  8  9 10 11 |
---------------+----------------------------------+-----
Fighting       | 1 2 3 4 5 7 8 |  8.9
Throwing       | 2 3 4 5 6 8 9 |  9.1
Dodging        | 2 3 4 5 6 7 8 |  8.6
Invocations    | 3 4 5 7 |  7.2
Spellcasting   | |  1.1
Hexes          | |  3.0

Action                   |  1- 3 |  4- 6 |  7- 9 | 10-12 || total
-------------------------+-------+-------+-------+-------++-------
Melee: Unarmed           |    34 |       |       |       ||    34
       Bite              |    18 |    20 |    34 |    61 ||   133
       Club              |     5 |       |       |       ||     5
       Dagger            |    53 |    70 |       |       ||   123
       Flail             |       |    26 |     3 |       ||    29
       Rapier            |       |       |   156 |   233 ||   389
Throw: Javelin           |    25 |    10 |    30 |    39 ||   104
       Stone             |     4 |       |       |     2 ||     6
       Throwing net      |       |     2 |       |       ||     2
       Tomahawk          |       |       |       |    12 ||    12
 Cast: Corona            |    42 |    29 |     4 |    11 ||    86
Invok: Elemental Force   |       |       |       |     4 ||     4
       Upheaval          |       |       |       |     5 ||     5
Evoke: Wand              |       |       |       |    16 ||    16
       Box of beasts     |       |       |       |     1 ||     1
  Use: Scroll            |     4 |     3 |     9 |    11 ||    27
       Potion            |       |       |     1 |     3 ||     4
 Stab: Sleeping          |       |     1 |     2 |       ||     3
  Eat: Chunk             |     3 |     8 |    11 |    10 ||    32
       Fruit             |       |       |       |     1 ||     1
Armor: Robe              |    15 |       |       |       ||    15
       Leather armour    |    17 |    30 |    39 |    45 ||   131
Dodge: Dodged            |    88 |    46 |   155 |   204 ||   493
Block: Other             |       |       |       |    34 ||    34
